AoeStats
← PaulSorin93

Arabia

508068215Analyzed
1v1 RM · 13d ago on Sep 20, 2026· 59m 40s· 2 players
Game mode
Random Map
Map size
Tiny (2 player)
Population
200
Speed
Normal
Resources
Standard
Victory
Conquest
Starting age
Dark Age
Ending age
Imperial Age
RankedLock teamsTeams togetherTeam positionsShared explorationLock speedFull tech treeHidden civsTurbo modeCheats
Victory
Defeat
🇧🇪 Khmer · Belgium
891
+14
🇷🇴 Maya · Romania
849
-14
PaulSorin93
0:36 Loom
8:59 Feudal Age
14:00 Wheelbarrow
16:50 Fletching
17:01 Padded Archer Armor
20:15 Horse Collar
27:33 Castle Age
27:38 Crossbowman
28:41 Town Watch
29:57 Bodkin Arrow
31:40 Thumb Ring
32:50 Hand Cart
35:29 Ballistics
39:47 Leather Archer Armor
39:57 Pikeman
40:39 Squires
42:49 Double-Bit Axe
46:09 Imperial Age
44:33 Bow Saw
45:00 Town Patrol
45:17 Murder Holes
45:03 Treadmill Crane
45:34 Masonry
45:15 Heated Shot
46:47 Gold Mining
47:27 Conscription
49:04 Arbalester
49:24 Halberdier
51:27 Chemistry
55:07 Forging
54:58 Scale Mail Armor
55:10 Elite Skirmisher
56:44 Bracer
60:08 Hul'che Javelineers
tom
7:26 Loom
10:13 Feudal Age
11:55 Double-Bit Axe
19:08 Castle Age
18:27 Fletching
22:57 Husbandry
25:43 Bloodlines
28:48 Elite Skirmisher
30:29 Bodkin Arrow
32:32 Bow Saw
34:41 Wheelbarrow
36:30 Padded Archer Armor
37:33 Horse Collar
38:01 Gold Mining
42:44 Imperial Age
41:51 Hand Cart
42:14 Scale Barding Armor
42:25 Leather Archer Armor
43:20 Cavalier
44:30 Chain Barding Armor
44:47 Heavy Plow
49:23 Ring Archer Armor
48:53 Bracer
49:29 Plate Barding Armor
51:49 Forging
52:14 Double Crossbow
54:10 Ballistics
54:51 Chemistry
55:14 Elite Battle Elephant
56:39 Town Watch
57:30 Tusk Swords
58:09 Redemption
58:03 Devotion
Connection lost

Rejoining the realm…

Still unreachable

The connection could not be restored.

Session expired

The server has moved on; the page needs a fresh start.